Map: 오토메이턴 - 래더

Players

Probe

  • Race: Protoss Protoss
  • Spawn Location: 3:00

Creator - Winner!

  • Race: Protoss Protoss
  • Spawn Location: 9:00

Event: IEM Season 13: Katowice (2019)

VOD

Have the link to the VOD?

Description

Time

  • Played on: Feb. 26, 2019, 4:07 a.m.
  • Length: 4:58

All games in this series

Show
View Real Time Build Order
Export as new Build Order

Probe Protoss 

Build Orders: Oracle Opening 

Get SALT Encoding   

  12  0:00  Probe  
  13  0:12  Probe  
  14  0:19  Pylon  
  14  0:25  Probe  
  15  0:33  Probe  
  15  0:39  Gateway  
  15  0:42  Probe  
  16  0:48  Assimilator  
  17  0:51  Probe  
  17  0:56  Assimilator  
  18  0:59  Probe  
  19  1:07  Probe  
  20  1:14  Gateway  
  20  1:18  Probe  
  21  1:26  Cybernetics Core  
  21  1:30  Probe  
  22  1:37  Pylon  
  22  1:42  Probe  
  23  1:55  Probe  
  24  2:02  Stargate  
  24  2:04  Adept  
  24  2:08  Adept  
  28  2:11  Warp Gate  
  28  2:15  Probe  
  29  2:22  Pylon  
  29  2:34  Stalker  
  31  2:38  Oracle  
  31  2:43  Probe  
  35  2:58  Probe  
  36  3:04  Pylon  
  36  3:14  Probe  
  37  3:20  Oracle  
  37  3:26  Probe  
  38  3:39  Probe  
  37  3:48  Robotics Facility  
  37  3:51  Probe, Nexus  
  35  4:00  Stalker  
  37  4:03  Stalker  
  39  4:21  Stalker  
  41  4:24  Stalker  
Show
View Real Time Build Order
Export as new Build Order

Creator Protoss - Winner!

Build Orders: Phoenix Opening 

Get SALT Encoding   

  12  0:00  Probe  
  13  0:12  Probe  
  14  0:17  Pylon  
  14  0:24  Probe  
  15  0:32  Probe  
  15  0:36  Gateway  
  15  0:40  Probe  
  16  0:46  Assimilator  
  17  0:51  Probe  
  17  0:55  Assimilator  
  18  1:00  Probe  
  19  1:08  Gateway, Probe  
  19  1:17  Probe  
  20  1:25  Cybernetics Core  
  21  1:29  Probe  
  22  1:36  Pylon  
  22  1:41  Probe  
  23  1:54  Probe  
  24  2:01  Stalker x2  
  24  2:03  Warp Gate  
  28  2:13  Pylon  
  28  2:31  Sentry, Stalker  
  32  2:43  Probe  
  33  3:03  Stalker x2  
  33  3:04  Shield Battery  
  37  3:09  Shield Battery  
  37  3:20  Probe  
  33  3:31  Probe  
  33  3:33  Phoenix  
  29  3:39  Probe  
  29  3:44  Pylon  
  29  3:47  Probe  
  30  3:57  Probe  
  31  4:03  Stalker x2  
  31  4:05  Probe  
  35  4:14  Probe  
  33  4:28  Stalker  
  33  4:41  Adept  
  34  4:53  Stalker  

Tags
 
Add a new tag
Caveats
  • Supply blocks, unpowered buildings, or Contaminate may cause inaccurate times.
  • Supply counts are checked every 10 seconds.